 Dungeon Crawl Stone Soup version 0.29.1-13-g9f3cf754e1 (webtiles) character file.

Game seed: 7713002313163556451

216 Vulpanium the Ducker (level 5, -3/42 HPs)
             Began as a Merfolk Monk on Jan 23, 2023.
             Was a Priest of Qazlal.
             Slain by a gnoll
             ... wielding a +0 spear
              (4 damage)
             ... on level 3 of the Dungeon.
             The game lasted 00:09:36 (4038 turns).

Vulpanium the Ducker (Merfolk Monk)                 Turns: 4038, Time: 00:09:37

Health: -3/42      AC:  5    Str: 13    XL:     5   Next: 93%
Magic:  5/5        EV: 12    Int:  9    God:    Qazlal [***...]
Gold:   134        SH:  4    Dex: 17    Spells: 4/4 levels left

rFire   . . .      SeeInvis .   a - +1 hand axe
rCold   . . .      Faith    .   (no shield)
rNeg    . . .      Spirit   .   d - +0 ring mail
rPois   .          Reflect  .   (no helmet)
rElec   .          Harm     .   (no cloak)
rCorr   .          Rampage  .   (no gloves)
Will    .....                   (no boots)
Stlth   +.........              (no amulet)
HPRegen 0.14/turn               (no ring)
MPRegen 0.09/turn               (no ring)

@: no status effects
A: (nimble swimmer 2), mertail
a: Renounce Religion, Upheaval, Elemental Force


You were on level 3 of the Dungeon.
You worshipped Qazlal.
Qazlal was most pleased with you.
You visited 1 branch of the dungeon, and saw 3 of its levels.

You collected 134 gold pieces.

Inventory:

Hand Weapons
 a - a +1 hand axe (weapon)
Armour
 d - a +0 ring mail (worn)
Jewellery
 h - a ring of fire
Scrolls
 b - 3 scrolls of identify {unknown}
 i - a scroll of vulnerability {unknown}
Potions
 c - a potion of ambrosia
 e - 4 potions of curing {unknown}
 f - a potion of brilliance {unknown}
 g - 2 potions of magic {unknown}
 j - a potion of mutation {unknown}


   Skills:
 + Level 4.2 Fighting
 + Level 3.6 Axes
 * Level 2.0 Armour
 + Level 4.6 Dodging
 + Level 2.7 Stealth
 + Level 0.3 Shields


You had 4 spell levels left.
You didn't know any spells.
Your spell library was empty.

Dungeon Overview and Level Annotations

Branches:
Dungeon (3/15)

Altars:
Makhleb
Qazlal
Ru
Vehumet

Shops:
D:3 !


Innate Abilities, Weirdness & Mutations

((You are very nimble when in or above water. (Stealth+, EV+, Speed+++)))
Your lower body shifts to a powerful aquatic tail in water.


Message History

The gnoll is almost dead.
The gnoll hits you but does no damage. The gnoll barely misses you.
You barely miss the gnoll.
The gnoll is almost dead.
The gnoll hits you with a +0 club.
* * * LOW HITPOINT WARNING * * *
The gnoll hits you from afar with a +0 spear.
* * * LOW HITPOINT WARNING * * *
You hit the gnoll.
You kill the gnoll!
Qazlal accepts your kill. The gnoll barely misses you.
Your Armour skill increases to level 2!
The gnoll barely misses you.
Things that are here:
a +0 club; a gnoll corpse You hit the gnoll but do no damage.
The gnoll barely misses you.
You completely miss the gnoll. The gnoll barely misses you.
You hit the gnoll.
The gnoll is moderately wounded.
The gnoll hits you with a +0 spear.
* * * LOW HITPOINT WARNING * * *
The gnoll misses you.
You hit the gnoll but do no damage.
The gnoll is moderately wounded.
You block the gnoll's attack.
You hit the gnoll.
The gnoll is heavily wounded.
The gnoll closely misses you.
You hit the gnoll.
The gnoll is almost dead.
You block the gnoll's attack.
You barely miss the gnoll.
The gnoll is almost dead.
The gnoll hits you with a +0 spear.
* * * LOW HITPOINT WARNING * * *
You hit the gnoll but do no damage.
The gnoll is almost dead.
The gnoll hits you with a +0 spear.
You die...

.....................
..#.........#.#####.#
..#.........#.# # #
..#.........#.# .#.
........#####.# ...
..##...######.##########.####
.......###...................
............#.#######....####
.....(.###......@gg....<....#
##............######.##.###.#
#....###...#..### #∩# ..
###### ##).#....# #.# ##
#..#.##.###.#######
#....##............
#......#..#########
####..#.#..>...
####.....#..........


You could see 2 gnolls.

Vanquished Creatures
  A crimson imp (D:3)
  Natasha (thrice) (D:2)
  A gnoll (D:3)
  3 adders (D:2)
  A worm (D:2)
  2 dart slugs (D:1)
  An orc (D:3)
  6 bats
  6 endoplasms
  3 giant cockroaches (D:2)
  7 goblins
  6 hobgoblins
  3 jackals (D:1)
  5 kobolds
  A quokka (D:1)
  5 ball pythons
  7 rats
61 creatures vanquished.

Vanquished Creatures (others)
  2 fungi (D:1)
2 creatures vanquished.

Grand Total: 63 creatures vanquished

Notes
Turn   | Place    | Note
-------+----------+-------------------------------------------
     0 | D:1      | Vulpanium the Merfolk Monk began the quest for the Orb.
     0 | D:1      | Reached XP level 1. HP: 18/18 MP: 1/1
   361 | D:1      | Reached XP level 2. HP: 21/24 MP: 2/2
  1100 | D:1      | Found a faded altar of an unknown god.
  1282 | D:1      | Prayed at the altar of an unknown god.
  1282 | D:1      | Became a worshipper of Qazlal Stormbringer
  1282 | D:1      | Reached * piety under Qazlal
  1282 | D:1      | Reached ** piety under Qazlal
  1326 | D:1      | Reached XP level 3. HP: 25/30 MP: 3/3
  1628 | D:1      | Reached *** piety under Qazlal
  2454 | D:2      | Reached XP level 4. HP: 36/37 MP: 4/4
  2790 | D:2      | Found a sacrificial altar of Ru.
  3014 | D:2      | Noticed Natasha
  3017 | D:2      | Killed Natasha
  3018 | D:2      | Reached skill level 1 in Armour
  3165 | D:2      | Noticed Natasha
  3176 | D:2      | Killed Natasha
  3177 | D:2      | Reached XP level 5. HP: 38/42 MP: 5/5
  3349 | D:2      | Noticed Natasha
  3356 | D:2      | Killed Natasha
  3765 | D:3      | Found a burning altar of Makhleb.
  3778 | D:3      | Found a radiant altar of Vehumet.
  4002 | D:3      | Found Gaoriy's Distillery.
  4033 | D:3      | HP: 1/42 [gnoll/+0 spear (2)]
  4038 | D:3      | Slain by a gnoll

Illustrated notes

Levels and vault maps discovered:
D:1:      dpeg_arrival_round_b, layout_loops_corners,
          shapermc_ecumenical_altar_acropolis
D:2:      layout_loops_ring, basic_altar, st_stairs_6, uniq_natasha
D:3:      layout_basic, grunt_temple_overflow_lords_of_destruction,
          serial_shops, shop

Skill      XL: |  1  2  3  4  5 |
---------------+----------------+-----
Fighting       | 4 |  4.2
Axes           | 3 |  3.6
Armour         | 1 2 |  2.0
Dodging        | |  4.6
Stealth        | |  2.7
Shields        | |  0.3

Action                   |  1- 3 |  4- 6 || total
-------------------------+-------+-------++-------
Melee: Hand axe          |   115 |   119 ||   234
       Punch             |     1 |       ||     1
  Use: Scroll            |     4 |       ||     4
Armor: Robe              |    16 |       ||    16
       Ring mail         |    14 |    42 ||    56
Dodge: Dodged            |    97 |    70 ||   167
Block: Other             |     4 |    22 ||    26
